 Dungeon Crawl Stone Soup version 0.24-a0-788-g2b66604 (console) character file.

Game seed: 9178118207395367151, levelgen mode: deterministic

29 swinepaste the Insei (level 3, 29/29 HPs)
             Began as a Demonspawn Monk on Oct 9, 2019.
             Quit the game on level 2 of the Dungeon.
             The game lasted 00:01:35 (775 turns).

swinepaste the Insei (Demonspawn Monk)               Turns: 775, Time: 00:01:36

Health: 29/29      AC:  4    Str: 11    XL:     3   Next: 1%
Magic:  3/3        EV: 13    Int: 11    God:
Gold:   59         SH:  0    Dex: 16    Spells: 2/2 levels left

rFire    . . .     SeeInvis .     - Unarmed
rCold    . . .     Gourm    .   (no shield)
rNeg     . . .     Faith    .   i - +0 leather armour
rPois    .         Spirit   .   (no helmet)
rElec    .         Reflect  .   (no cloak)
rCorr    .         Harm     .   (no gloves)
MR       .....                  e - +0 pair of boots
Stlth    ++........             (no amulet)
HPRegen  0.09/turn              (no ring)
MPRegen  0.08/turn              (no ring)

@: no status effects
A: talons 1, sturdy frame 1
a: no special abilities


You were on level 2 of the Dungeon.
You were not hungry.

You visited 1 branch of the dungeon, and saw 2 of its levels.

You collected 59 gold pieces.

Inventory:

Armour
 a - a +0 robe
 e - a +0 pair of boots (worn)
 i - a +0 leather armour (worn)
Scrolls
 d - 3 scrolls of enchant weapon {unknown}
 h - 2 scrolls of identify {unknown}
Potions
 c - a potion of agility {unknown}
 f - a potion of heal wounds {unknown}
 j - a potion of experience {unknown}
 k - a potion of curing {unknown}
 l - a potion of resistance {unknown}
Comestibles
 b - 2 rations
 g - 8 chunks of flesh


   Skills:
 - Level 3.0 Fighting
 - Level 2.6 Dodging
 - Level 1.7 Stealth
 + Level 3.8 Unarmed Combat


You had 2 spell levels left.
You didn't know any spells.
Your spell library was empty.

Dungeon Overview and Level Annotations

Branches:
Dungeon (2/15)

Altars:


Innate Abilities, Weirdness & Mutations

You have sharp toenails.
Your movements are slightly less encumbered by armour. (ER -2)


Message History

No target in view!
You see here a hobgoblin corpse.
You butcher the hobgoblin corpse.
g - 9 chunks of flesh (gained 1)
You see here a hobgoblin skeleton.
A bat comes into view.
A bat is nearby!
The bat closely misses you.
Some of the chunks of flesh in your inventory have rotted away.
The bat hits you but does no damage. The bat hits you but does no damage.
You hit the bat but do no damage. The bat barely misses you.
You hit the bat.
You kill the bat!
You have reached level 3!
Your experience leads to an increase in your attributes!
Increase (S)trength, (I)ntelligence, or (D)exterity?
You feel agile.
Your demonic ancestry asserts itself...
Your toenails lengthen and sharpen.
Are you sure you want to abandon this character and quit the game? (Confirm with "yes".)

.
########.......
#...6r........#
#.#####.......<
#..## .......
##..### .......
##..รท###...#...
###....###....
########.#......
#...............
#...........####


You could see a quokka.

Vanquished Creatures
  3 dart slugs (D:1)
  2 giant cockroaches
  4 goblins (D:1)
  2 hobgoblins
  3 bats
  3 frilled lizards
  3 kobolds (D:1)
  5 rats (D:1)
25 creatures vanquished.

Notes
Turn   | Place    | Note
-------+----------+-------------------------------------------
     0 | D:1      | swinepaste the Demonspawn Monk began the quest for the Orb.
     0 | D:1      | Reached XP level 1. HP: 18/18 MP: 1/1
   182 | D:1      | Gained mutation: Your movements are slightly less
                  | encumbered by armour. (ER -2) [demonic ancestry]
   182 | D:1      | Reached XP level 2. HP: 15/24 MP: 2/2
   774 | D:2      | Gained mutation: You have sharp toenails. [demonic
                  | ancestry]
   774 | D:2      | Reached XP level 3. HP: 29/29 MP: 3/3
   775 | D:2      | Quit the game

Levels and vault maps discovered:
D:1:      tarquinn_simple_flora_water_c, layout_basic
D:2:      layout_rooms, nicolae_overflow_quartered_altars, tgw_trog

Skill      XL: |  1 |
---------------+----+-----
Unarmed Combat | 3 |  3.8
Fighting       | |  3.0
Dodging        | |  2.6
Stealth        | |  1.7

Action                   || total
-------------------------++-------
Melee: Unarmed           ||    70
       Punch             ||     1
 Stab: Sleeping          ||     3
Armor: Robe              ||    12
       Leather armour    ||     5
Dodge: Dodged            ||    49

Table legend:
 A = Non-vault XP
 B = Vault XP
 C = Vault XP percentage of total XP
 D = Non-vault monster count
 E = Vault monster count
 F = Vault count percentage of total count
                 A         B        C        D         E       F
            +---------+---------+-------+---------+---------+-------
      Total |      42 |       0 |   0.0 |      25 |       0 |   0.0
            +---------+---------+-------+---------+---------+-------
        D:1 |      35 |       0 |   0.0 |      21 |       0 |   0.0
        D:2 |       7 |       0 |   0.0 |       4 |       0 |   0.0
            +---------+---------+-------+---------+---------+-------
